 Dungeon Crawl Stone Soup version 0.30.1-11-g7821555f0a (webtiles) character file.

Game seed: 4951278785147753178

2618 Groucho the Covert (level 9, -2/47 HPs)
             Began as a Felid Berserker on Oct 29, 2023.
             Was a Priest of Trog.
             Slain by a troll (5 damage)
             ... on level 9 of the Dungeon.
             The game lasted 00:12:10 (9583 turns).

Groucho the Covert (Felid Berserker)                Turns: 9583, Time: 00:12:10

Health: -2/47      AC:  8    Str: 12    XL:     9   Next: 34%
Magic:  10/10      EV: 24    Int: 12    God:    Trog [***...]
Gold:   405        SH:  0    Dex: 19    Spells: 8/8 levels left
                                        Lives:  0   Deaths: 2

rFire   . .          .
                       - Unarmed
rCold   . . .        (shield unavailable)
rNeg    . . .        (body armour unavailable)
rPois   +            (helmet unavailable)
rElec   .            (cloak unavailable)
rCorr   .            (gloves unavailable)
SInv    +            (boots unavailable)
Will    +....        s - amulet of the acrobat
Stlth   +++++        l - +4 ring of protection
HPRegen 0.27/turn    u - ring of poison resistance
MPRegen 0.12/turn

%: acrobat
@: on berserk cooldown, quick
A: very small, claws 1, fangs 3, see invisible, speed 1, shaggy fur 2, stealthy
paws, no weapons or thrown items, no armour, multi-lived, iridescent scales 1,
clever 1, mutation resistance 1, robust 1
a: Renounce Religion, Berserk, Trog's Hand


You were on level 9 of the Dungeon.
You worshipped Trog.
Trog was most pleased with you.
You visited 2 branches of the dungeon, and saw 9 of its levels.

You collected 405 gold pieces.

Inventory:

Jewellery
 l - a +4 ring of protection (left paw)
 m - a +4 ring of protection
 s - an amulet of the acrobat (around neck)
 u - a ring of poison resistance (right paw)
 x - a ring of fire
Wands
 t - a wand of roots (6)
 w - a wand of paralysis (2)
Scrolls
 b - 7 scrolls of identify {unknown}
 c - a scroll of immolation {unknown}
 d - 2 scrolls of fog {unknown}
 e - 3 scrolls of enchant armour {unknown}
 f - a scroll of magic mapping {unknown}
 g - 4 scrolls of teleportation {unknown}
 n - 2 scrolls of blinking {unknown}
 p - a scroll of noise {unknown}
 q - a scroll of amnesia {unknown}
 r - a scroll of poison {unknown}
 y - a scroll of vulnerability {unknown}
Potions
 a - a potion of cancellation {unknown}
 h - 3 potions of curing {unknown}
 i - 2 potions of attraction {unknown}
 j - a potion of mutation
 k - a potion of flight
 o - 3 potions of brilliance {unknown}
 v - 2 potions of might {unknown}


   Skills:
 + Level 7.1 Fighting
 + Level 9.3 Dodging
 * Level 12.7 Stealth
 + Level 7.0 Unarmed Combat


You had 8 spell levels left.
You didn't know any spells.
Your spell library was empty.

Dungeon Overview and Level Annotations

Branches:
Dungeon (9/15)             Temple (1/1) D:4
   Lair: D:8-11         Orc: D:9-12

Altars:
Ashenzari
Cheibriados
Dithmenos
Elyvilon
Fedhas
Gozag
Hepliaklqana
Kikubaaqudgha
Makhleb
Nemelex Xobeh
Okawaru
Qazlal
Ru
Sif Muna
Trog
Uskayaw
Vehumet
Wu Jian
Xom
Yredelemnul
Zin
The Shining One


Innate Abilities, Weirdness & Mutations

You have sharp claws.
You have razor-sharp teeth.
You have supernaturally acute eyesight. (SInv)
You cover ground quickly. (Speed+)
You are covered in thick fur. (AC +2)
Your paws help you pounce on unaware monsters.
You are incapable of wielding weapons or throwing items.
You cannot wear armour.
You gain extra lives every three experience levels.
You are partially covered in iridescent scales. (AC +2)
Your mind is acute. (Int +4, Str/Dex -1)
You are somewhat resistant to further mutation.
You are robust. (+10% HP)


Message History

The killer bee is moderately wounded.
You feel sick. The killer bee misses you. The killer bee completely misses you.
You scratch the killer bee.
The killer bee is severely wounded.
You feel sick. The killer bee completely misses you. The killer bee misses you.
The killer bee closely misses you.
You scratch the killer bee but do no damage.
Your bite misses the killer bee.
The killer bee is severely wounded.
You feel sick. The killer bee stings you. The killer bee closely misses you.
The orc completely misses you. The killer bee completely misses you.
Unknown command.
You closely miss the killer bee. Your claw misses the killer bee.
The killer bee is severely wounded.
Your skin stops crawling.
You feel less strong-willed.
You feel sick.
You are no longer poisoned.
The killer bee stings you. The orc hits you but does no damage.
The killer bee misses you.
You closely miss the killer bee.
The killer bee is severely wounded.
The killer bee barely misses you. The killer bee completely misses you.
The killer bee barely misses you.
Unknown command.
You claw the killer bee!
You kill the killer bee!
Trog accepts your kill. The killer bee misses you. The troll bites you!
* * * LOW HITPOINT WARNING * * *
The troll barely misses you. x2
The killer bee stings you but does no damage.
Unknown command.
You barely miss the killer bee. Your bite misses the killer bee.
You feel yourself speed up. The killer bee completely misses you.
The troll closely misses you. x2
The troll misses you. The killer bee completely misses you.
You miss the killer bee. The killer bee completely misses you.
The troll completely misses you. The troll barely misses you.
The troll claws you.
You die...

######..
#............K.#..
#..
#.................
#. #..............##
########...)##.#
####.....#
######.....##....
#.....o..#.# #....#
...####T#...####....
#@#.##........ #.
#y#.#..###.#..
#..#####y#†#.## #
#.#.......#.##...#
#..............#
##......(.##.###
..#..............
...#.........###.#
..?........### #


You could see a troll, a hornet, a killer bee and an orc.

Vanquished Creatures
  The ghost of vvlvvlvvl the Poker, a novice MfFi (D:5)
  2 hornets (D:8)
  5 yaks (D:9)
  An acid dragon (D:5)
  An ice beast (D:8)
  A black bear (D:5)
  A centaur (D:9)
  An ogre (D:4)
  2 kobold brigands (D:8)
  A bullfrog (D:8)
  A gnoll sergeant (D:5)
  A scorpion (D:5)
  3 killer bees (D:9)
  6 howler monkeys
  A hound (D:4)
  4 orc priests
  2 jellies
  2 gnoll boudas (D:5)
  4 sleepcaps
  Ijyb (D:5)
  4 iguanas
  8 orc wizards
  Natasha (twice) (D:4)
  Robin (D:4)
  17 gnolls (D:5)
  5 adders
  A shadow imp (D:6)
  2 ufetubi (D:4)
  3 worms (D:4)
  4 dart slugs
  54 orcs
  4 bats
  3 endoplasms
  2 giant cockroaches (D:3)
  15 goblins
  8 hobgoblins
  17 jackals (D:5)
  17 kobolds
  3 quokkas
  5 ball pythons
  4 frilled lizards
  A rat (D:3)
  A spectral orc (D:5)
222 creatures vanquished.

Notes
Turn   | Place    | Note
-------+----------+-------------------------------------------
     0 | D:1      | Groucho the Felid Berserker began the quest for the Orb.
     0 | D:1      | Reached XP level 1. HP: 10/10 MP: 2/2
   282 | D:1      | Reached skill level 1 in Stealth
   810 | D:1      | Reached XP level 2. HP: 14/14 MP: 3/3
  1199 | D:1      | Found a faded altar of an unknown god.
  1600 | D:2      | Reached skill level 2 in Stealth
  2194 | D:2      | Reached XP level 3. HP: 17/17 MP: 4/4
  2361 | D:3      | Gained mutation: You are partially covered in iridescent
                  | scales. (AC +2) [potion of mutation]
  2361 | D:3      | Gained mutation: You are robust. (+10% HP) [potion of
                  | mutation]
  2361 | D:3      | Gained mutation: You are somewhat resistant to further
                  | mutation. [potion of mutation]
  2361 | D:3      | Gained mutation: Your mind is acute. (Int +4, Str/Dex -1)
                  | [potion of mutation]
  2397 | D:3      | Reached skill level 3 in Stealth
  2866 | D:3      | Reached XP level 4. HP: 23/23 MP: 5/5
  2966 | D:3      | Reached ** piety under Trog
  3499 | D:4      | Reached skill level 4 in Stealth
  3789 | D:4      | Reached skill level 5 in Dodging
  3789 | D:4      | Reached XP level 5. HP: 27/27 MP: 6/6
  4039 | D:4      | Noticed Robin
  4058 | D:4      | Killed Robin
  4066 | D:4      | Succumbed to a goblin's poison
  4067 | D:4      | Reached XP level 4. HP: 0/24 MP: 5/5
  4069 | D:4      | Found a staircase to the Ecumenical Temple.
  4265 | D:4      | Noticed an ogre
  4267 | D:4      | Killed an ogre
  4268 | D:4      | Reached skill level 5 in Stealth
  4268 | D:4      | Reached XP level 5. HP: 27/27 MP: 6/6
  4651 | D:4      | Noticed Natasha
  4660 | D:4      | Killed Natasha
  4787 | D:4      | Noticed Natasha
  4795 | D:4      | Killed Natasha
  4796 | D:4      | Gained mutation: You are covered in thick fur. (AC +2)
                  | [Felid growth]
  4796 | D:4      | Reached XP level 6. HP: 30/30 MP: 7/7
  4810 | D:5      | Entered Level 5 of the Dungeon
  4823 | Temple   | Entered the Ecumenical Temple
  5216 | D:5      | Reached skill level 6 in Stealth
  5932 | D:5      | Found a runed translucent gate.
  5933 | D:5      | Found a runed translucent gate.
  5934 | D:5      | Found a runed translucent gate.
  5938 | D:5      | Noticed vvlvvlvvl's ghost (novice MfFi)
  5967 | D:5      | Killed vvlvvlvvl's ghost
  5968 | D:5      | Reached skill level 7 in Stealth
  5968 | D:5      | Reached XP level 7. HP: 36/36 MP: 8/8
  6560 | D:5      | Reached skill level 5 in Fighting
  6560 | D:5      | Reached skill level 8 in Stealth
  6560 | D:5      | Reached skill level 5 in Unarmed Combat
  6707 | D:5      | Reached XP level 8. HP: 33/40 MP: 9/9
  6769 | D:5      | Found a basalt altar of Yredelemnul.
  6802 | D:5      | Reached *** piety under Trog
  6914 | D:5      | Reached skill level 9 in Stealth
  7606 | D:5      | Noticed Ijyb
  7623 | D:5      | Killed Ijyb
  7698 | D:5      | HP: 2/40 [acid dragon/splash of acid (38)]
  8139 | D:6      | You fall into a shaft and drop 2 floors!
  8152 | D:8      | Noticed a hornet
  8167 | D:8      | Killed a hornet
  8168 | D:8      | Reached skill level 10 in Stealth
  8203 | D:8      | Reached XP level 9. HP: 26/45 MP: 10/10
  8734 | D:8      | Found a shadowy altar of Dithmenos.
  8823 | D:8      | Paralysed by a hornet for 3 turns
  8827 | D:8      | Paralysed by a hornet for 3 turns
  8828 | D:8      | Slain by a hornet
  8829 | D:8      | Reached XP level 8. HP: -1/61 MP: 9/9
  8910 | D:8      | Reached skill level 11 in Stealth
  9021 | D:8      | Killed a hornet
  9545 | D:9      | Reached skill level 12 in Stealth
  9547 | D:9      | Reached XP level 9. HP: 28/46 MP: 10/10
  9574 | D:9      | Noticed a troll
  9583 | D:9      | Slain by a troll

Illustrated notes

Levels and vault maps discovered:
D:1:      nzn_arrival_depleted_hourglass, layout_loops_corners, serial_rivers,
          chequers_serial_rivers_room_b, chequers_serial_rivers_micro_a,
          chequers_serial_rivers_small_b, chequers_serial_rivers_marsh,
          chequers_serial_rivers_micro_b, chequers_serial_rivers_micro_e,
          basic_ecumenical_altar, chequers_serial_rivers_large_b,
          minmay_tromino_v2
D:2:      layout_basic, chequers_serial_rivers_micro_e
D:3:      wad_river_or_something, layout_rooms, chequers_garden,
          nicolae_kite_square_tiling_tiny
D:4:      layout_basic, minmay_temple_entry_mini_moons, uniq_natasha, uniq_robin
D:5:      lemuel_castle_with_subvaults [lemuel_castle_interior_carwin_3],
          layout_loops_corners, yredelemnul_forgotten_temple_becter,
          ebering_ghost_rock_garden, dreamdust_wishing_well,
          nicolae_goblin_pals, uniq_ijyb
D:6:      layout_basic, kennysheep_donut
D:8:      layout_basic, grunt_dithmenos_smoke_and_mirrors, minmay_fountain_box,
          kennysheep_generic_room_5
D:9:      layout_rooms, special_room [special_room_orc], kennysheep_potato
Temple:   mainiacjoe_temple_cubbyholes

Skill      XL: |  1  2  3  4  5  6  7  8  9 |
---------------+----------------------------+-----
Stealth        | 1 2 3 5 7 8 12 | 12.7
Dodging        | 5 6 8 9 |  9.3
Fighting       | 4 5 6 7 |  7.1
Unarmed Combat | 4 5 6 7 |  7.0

Action                     |  1- 3 |  4- 6 |  7- 9 || total
---------------------------+-------+-------+-------++-------
  Melee: Unarmed           |    63 |   181 |   479 ||   723
         Bite              |     9 |    11 |    52 ||    72
         Punch             |     1 |     6 |    30 ||    37
 Invoke: Berserk           |     2 |     5 |     8 ||    15
         Trog's Hand       |       |     6 |    15 ||    21
    Use: Potion            |     2 |       |       ||     2
   Stab: Sleeping          |     9 |    10 |    21 ||    40
 Armour: Skin              |     3 |    39 |    84 ||   126
  Dodge: Dodged            |    36 |   137 |   484 ||   657
